 Dungeon Crawl Stone Soup version 0.21.1-1-g345015f (webtiles) character file.

370 wojtek the Chopper (level 6, -6/51 HPs)
             Began as a Minotaur Fighter on July 1, 2018.
             Was an Initiate of Gozag.
             Killed by divine providence
             ... invoked by an orc priest
              (15 damage)
             ... on level 6 of the Dungeon.
             The game lasted 00:04:45 (3392 turns).

wojtek the Chopper (Minotaur Fighter)               Turns: 3392, Time: 00:04:48

Health: -6/51      AC:  8    Str: 23    XL:     6   Next: 42%
Magic:  6/6        EV:  7    Int:  5    God:    Gozag
Gold:   457        SH:  9    Dex:  9    Spells: 5/5 levels left

rFire    . . .     SeeInvis .   a - +0 war axe
rCold    . . .     Gourm    .   c - +0 shield
rNeg     . . .     Faith    .   b - +0 scale mail
rPois    .         Spirit   .   (helmet restricted)
rElec    .         Reflect  .   (no cloak)
rCorr    .         Harm     .   (no gloves)
MR       .....                  o - +0 pair of boots
Stlth    ..........             (no amulet)
HPRegen  0.17/turn              (no ring)
MPRegen  0.10/turn              (no ring)

@: very slightly contaminated, drained
A: retaliatory headbutt, horns 2
a: Potion Petition, Call Merchant, Bribe Branch, Renounce Religion


You were on level 6 of the Dungeon.
You worshipped Gozag.
Gozag was aware of your devotion.
You were not hungry.

You visited 1 branch of the dungeon, and saw 5 of its levels.

You collected 478 gold pieces.
You paid 21 gold pieces to Gozag.

Inventory:

Hand Weapons
 a - a +0 war axe (weapon)
Armour
 b - a +0 scale mail (worn)
 c - a +0 shield (worn)
 o - a +0 pair of boots (worn)
Jewellery
 r - an uncursed ring of resist corrosion {unknown}
Wands
 p - a wand of flame (8)
Scrolls
 e - a scroll of enchant weapon {unknown}
 g - 2 scrolls of remove curse
 h - a scroll of blinking
 j - 2 scrolls of amnesia
 l - 7 scrolls of identify {unknown}
 u - a scroll of enchant armour {unknown}
Potions
 d - a potion of might
 i - a potion of heal wounds {unknown}
 m - 2 potions of flight {unknown}
 n - a potion of lignification {unknown}
 s - a potion of ambrosia {unknown}
Books
 t - a book of Cantrips

   Spells                             Type                      Level
   a - Confusing Touch                Hexes                        1
   b - Animate Skeleton               Necromancy                   1
   c - Summon Small Mammal            Summoning                    1
   d - Apportation                    Translocation                1
Comestibles
 f - 5 rations


   Skills:
 - Level 3.6(3.4) Fighting
 + Level 7.5(7.2) Axes
 - Level 3.6(3.4) Armour
 - Level 3.6(3.4) Shields
 + Level 2.4(2.2) Evocations


You had 5 spell levels left.
You didn't know any spells.

Dungeon Overview and Level Annotations

Branches:
Dungeon (4/15)
 Temple: D:4-7

Altars:
Gozag
Makhleb
Nemelex Xobeh
Qazlal
Ru
Sif Muna
Vehumet
Zin


Innate Abilities, Weirdness & Mutations

You reflexively headbutt those who attack you in melee.
You have a pair of horns on your head.


Message History

It was a scroll of blinking.
The orc priest looks braver for a moment.
Found a scroll labeled BOYC POITZAGHO.
j - 3 scrolls labeled BOYC POITZAGHO (gained 1)
As you read the scroll labeled BOYC POITZAGHO, it crumbles to dust.
It is a scroll of amnesia.
You feel forgetful for a moment.
As you read the scroll labeled XOTALYCY QANO, it crumbles to dust.
You feel blessed for a moment.
It was a scroll of remove curse.
As you read the scroll labeled REXIRPH HIVVOSE, it crumbles to dust.
You hear snatches of song.
It was a scroll of random uselessness.
Found 15 stones.
As you read the scroll labeled HUXOOR BIU, it crumbles to dust.
You feel aware of your surroundings.
You sensed 1 shop/portal.
It was a scroll of magic mapping.
The orc priest calls down the wrath of Beogh upon you.
Beogh smites you!
You die...
Your body crumbles into a pile of gold.

#$#'###****
###.o...###
#2#_$o._#A#
**#oo...#***###
#.o'######..#
##...###..#.######*
#...##.#.........*
##..##..........(*
*##.#o.o@.#****,*
*#o#.#### *,* ##.##
*,* ** ###
*,********,
*,,,,,,,,,,
*,*********
*,*********
*,,,,,,,>,,
***********


You could see an orc warrior and 2 orc priests.

Vanquished Creatures
  A phantom (D:4)
  A hound (D:4)
  2 orc priests
  An orc wizard (D:3)
  Jessica (D:2)
  Ijyb (D:3)
  4 adders
  A worm (D:3)
  2 dart slugs (D:1)
  4 orcs
  2 ball pythons
  2 giant cockroaches
  10 goblins
  5 hobgoblins
  10 jackals
  10 kobolds
  2 quokkas (D:2)
  3 bats
  3 frilled lizards
  10 rats
75 creatures vanquished.

Notes
Turn   | Place    | Note
-------+----------+-------------------------------------------
     0 | D:1      | wojtek the Minotaur Fighter began the quest for the Orb.
     0 | D:1      | Reached XP level 1. HP: 19/19 MP: 0/0
   210 | D:1      | Reached skill level 3 in Axes
   299 | D:1      | Reached XP level 2. HP: 22/26 MP: 1/1
   791 | D:2      | Reached skill level 4 in Axes
   823 | D:2      | Found an opulent altar of Gozag.
   823 | D:2      | Found a radiant altar of Vehumet.
   869 | D:2      | Became a worshipper of Gozag Ym Sagoz the Greedy
   877 | D:2      | Reached XP level 3. HP: 25/31 MP: 2/2
  1312 | D:2      | Found a faded altar of an unknown god.
  1362 | D:2      | Noticed Jessica
  1363 | D:2      | Found a sparkling altar of Nemelex Xobeh.
  1366 | D:2      | Killed Jessica
  1366 | D:2      | Reached skill level 5 in Axes
  1412 | D:2      | Found a sacrificial altar of Ru.
  1413 | D:2      | Reached XP level 4. HP: 39/39 MP: 3/3
  1754 | D:3      | Noticed Ijyb
  1763 | D:3      | Killed Ijyb
  1916 | D:3      | Reached skill level 6 in Axes
  1981 | D:3      | Reached XP level 5. HP: 14/45 MP: 4/4
  2830 | D:3      | Found a deep blue altar of Sif Muna.
  2867 | D:4      | Noticed a phantom
  2873 | D:4      | Reached skill level 1 in Evocations
  2884 | D:4      | Killed a phantom
  2884 | D:4      | Reached skill level 7 in Axes
  2884 | D:4      | Reached XP level 6. HP: 35/51 MP: 4/6
  2912 | D:4      | Found a stormy altar of Qazlal.
  3372 | D:4      | You fall through a shaft for 2 floors!
  3372 | D:6      | Found a burning altar of Makhleb.
  3372 | D:6      | Found a glowing silver altar of Zin.
  3372 | D:6      | Noticed a cacodemon
  3372 | D:6      | Noticed an angel
  3377 | D:6      | Noticed an orc warrior
  3392 | D:6      | Killed from afar by an orc priest

Skill      XL: |  1  2  3  4  5 |
---------------+----------------+-----
Axes           | 3 4 5 6 7 |  7.5
Evocations     | 2 |  2.4
Fighting       | |  3.6
Armour         | |  3.6
Shields        | |  3.6

Action                   |  1- 3 |  4- 6 || total
-------------------------+-------+-------++-------
Melee: War axe           |    91 |   132 ||   223
       Headbutt          |    11 |    19 ||    30
Evoke: Wand              |       |     5 ||     5
  Use: Scroll            |       |     5 ||     5
  Eat: Chunk             |     1 |       ||     1
       Ration            |       |     2 ||     2
Armor: Scale mail        |    41 |    56 ||    97
Dodge: Dodged            |    19 |    32 ||    51
Block: Shield            |    51 |    84 ||   135
